 Dungeon Crawl Stone Soup version 0.30-a0-622-gddc90eaa04 (webtiles) character file.

Game seed: 16798795032088757223

6437 Khashishi the Trooper (level 10, -4/80 HPs)
             Began as a Demonspawn Monk on Jan 10, 2023.
             Was a Follower of Yredelemnul.
             Slain by Snorg (5 damage)
             ... on level 10 of the Dungeon on Jan 11, 2023.
             The game lasted 00:42:38 (7562 turns).

Khashishi the Trooper (Demonspawn Monk)             Turns: 7562, Time: 00:42:39

Health: -4/80      AC: 20    Str: 15    XL:     10   Next: 67%
Magic:  14/14      EV:  6    Int: 11    God:    Yredelemnul [*.....]
Gold:   71         SH:  0    Dex: 17    Spells: 9/9 levels left

rFire   + + .      SeeInvis .    b - +6 battleaxe
rCold   . . .      Faith    .    (shield currently unavailable)
rNeg    . . .      Spirit   .    f - +0 plate armour
rPois   .          Reflect  .    (no helmet)
rElec   .          Harm     .    K - scarf {shadows}
rCorr   .          Rampage  .    m - +1 pair of gloves
Will    .....                    I - +0 pair of boots {Stlth+} Stlth
                                 d - amulet of regeneration
HPRegen 1.13/turn                k - ring of protection from fire
MPRegen 0.14/turn                w - ring of protection from fire

@: no status effects
A: slimy green scales 2, demonic guardian 1, spiny 1, weakness stinger 2, fangs
1, wild magic 1
a: Renounce Religion, Recall Undead Harvest


You were on level 10 of the Dungeon.
You worshipped Yredelemnul.
Yredelemnul was noncommittal.
You visited 2 branches of the dungeon, and saw 11 of its levels.

You collected 515 gold pieces.
You spent 444 gold pieces at shops.

Inventory:

Hand Weapons
 a - the +9 shortbow of Watchfulness {drain, rPois rC+}
   (You found it on level 7 of the Dungeon)

   rC:        It protects you from cold.
   rPois:     It protects you from poison.
 b - a +6 battleaxe (weapon)
 C - a +1 mace of protection
Missiles
 z - 10 silver javelins
 A - 33 poisoned darts
 D - 6 curare-tipped darts (quivered)
 H - a throwing net
Armour
 e - the +1 leather armour of Decompression {Int+5}
   (You bought it in a shop on level 3 of the Dungeon)

   Int:       It affects your intelligence (+5).
 f - a +0 plate armour (worn)
 m - a +1 pair of gloves (worn)
 I - a +0 pair of boots of stealth (worn)
 K - a scarf of shadows (worn)
Magical Staves
 y - a staff of conjuration
 M - a staff of poison
Jewellery
 c - a ring of wizardry
 d - an amulet of regeneration (around neck)
 k - a ring of protection from fire (left hand)
 w - a ring of protection from fire (right hand)
Wands
 g - a wand of roots (5)
 v - a wand of flame (11)
 F - a wand of mindburst (14)
Scrolls
 l - 4 scrolls of teleportation
 n - a scroll of fear
 r - 2 scrolls of immolation
 t - 4 scrolls of fog
 u - 2 scrolls of poison
 x - a scroll of blinking
 B - a scroll of butterflies
 J - a scroll of identify
Potions
 h - 3 potions of flight
 i - a potion of brilliance
 j - a potion of attraction
 o - a potion of lignification
 p - 2 potions of might
 q - 4 potions of curing
 s - 3 potions of haste
 E - 5 potions of mutation
 G - a potion of heal wounds
 L - a potion of invisibility


   Skills:
 - Level 7.8 Fighting
 - Level 2.7(3.3) Short Blades
 - Level 2.7(3.3) Long Blades
 + Level 6.0(6.4) Axes
 - Level 3.0(4.9) Maces & Flails
 - Level 6.4 Ranged Weapons
 + Level 7.6 Armour
 - Level 2.6 Dodging
 - Level 1.7 Stealth
 + Level 6.1 Invocations


You had 9 spell levels left.
You didn't know any spells.
Your spell library contained the following spells:

 Spells                   Type           Power      Damage    Failure   Level
 Beastly Appendage        Tmut           0%         N/A       100%        1
 Shock                    Conj/Air       0%         1d3       100%        1
 Slow                     Hex            0%         N/A       100%        1
 Ensorcelled Hibernation  Hex/Ice        0%         N/A       100%        2
 Wereblood                Tmut           0%         N/A       100%        2
 Confusing Touch          Hex            0%         N/A       100%        3
 Dazzling Flash           Conj/Hex       0%         N/A       100%        3
 Spider Form              Tmut/Pois      0%         N/A       100%        3
 Swiftness                Air            0%         N/A       100%        3
 Vampiric Draining        Necr           0%         2d6       100%        3
 Airstrike                Air            0%         2d(0-16)  100%        4
 Anguish                  Hex/Necr       0%         N/A       100%        4
 Iskenderun's Mystic Bla  Conj/Tloc      0%         2d3       100%        4
 Starburst                Conj/Fire      0%         6d3       100%        6


Dungeon Overview and Level Annotations

Branches:
Dungeon (10/15)            Temple (1/1) D:6             Orc (0/2) D:9
   Lair: D:8-11

Altars:
Ashenzari
Cheibriados
Dithmenos
Fedhas
Gozag
Hepliaklqana
Kikubaaqudgha
Makhleb
Nemelex Xobeh
Okawaru
Qazlal
Ru
Sif Muna
Trog
Uskayaw
Vehumet
Wu Jian
Xom
Yredelemnul

Shops:
D:3 *

Annotations:
D:9 2 transporters, exclusion: obsidian statue
D:10 Snorg


Innate Abilities, Weirdness & Mutations

You are mostly covered in slimy green scales. (AC +3)
A weak demonic guardian rushes to your aid.
You are partially covered in sharp spines.
You have a tail ending in a sharp stinger.
You have very sharp teeth.
Your spells are a little harder to cast, but a little more powerful.


Message History

Snorg smiles kindly.
Fire: a) +9 shortbow of Watchfulness {drain, rPois rC+}
Press: ? - help, Q - select action, (/) - cycle Shift-Dir - straight line, f - Snorg
Aim: Snorg (ally target, 73% to hit)
You shoot an arrow. The arrow completely misses Snorg.
Snorg remarks, "Ah, I'm absolutely famished!"
b - a +6 battleaxe (weapon)
Your yak zombie barely misses Snorg.
You swap places.
Snorg is struck by your spines. Snorg bites you but does no damage.
Snorg claws you but does no damage. x2
There is an open door here.
Snorg goes berserk!
You slice Snorg!!
Snorg is moderately wounded.
Snorg bites you! Snorg claws you but does no damage. x2
Snorg bites you but does no damage. Snorg claws you!
Snorg claws you but does no damage.
Your yak zombie barely misses Snorg.
You closely miss Snorg.
Snorg is lightly wounded.
Snorg closely misses you. Snorg claws you but does no damage. x2
Your yak zombie gores Snorg!
Snorg closely misses you. Snorg barely misses you. x2
Your yak zombie gores Snorg.
You slash Snorg! You tail-slap Snorg.
Snorg is moderately wounded.
Snorg bites you! Snorg claws you. x2; Snorg bites you! Snorg claws you.
Snorg claws you but does no damage.
Your yak zombie barely misses Snorg.
Snorg is struck by your spines. Snorg barely misses you.
Snorg claws you but does no damage. x2
Okay, then.
Unknown command.
You barely miss Snorg. You tail-slap Snorg. You bite Snorg.
Snorg is heavily wounded.
Snorg is struck by your spines. Snorg barely misses you. Snorg claws you. x2
* * * LOW HITPOINT WARNING * * *
A demonic guardian appears!
Your yak zombie misses Snorg.
Snorg is struck by your spines. Snorg bites you!!
* * * LOW HITPOINT WARNING * * *
Snorg claws you.
You die...
Your body rises from the dead as a mindless zombie.

#.....#.......# #...
########+##...#####...
............... ...............
#########+###########'
#...#........ #..#..
#...#........ #..'..
#...#5....... #..#..
#...#@T...... #..#..
####'##Z####### ###### #......
#.......+..#..+ #.. #......
#.......#..#..# #..
#.....####..######..#..#### #..
#.....#..#..#....#.....#..####.(
#.....#..#..#....#...........#..
+#.....#..#..#....#...........'..
.......'.....#....##'#######..#>.


You could see Snorg (berserk, ally target), a friendly shadow imp (summoned) and
a friendly yak zombie.

Vanquished Creatures
  A shadow (D:9)
  A wyvern (D:10)
  5 yaks
  An acid dragon (D:8)
  2 two-headed ogre zombies (D:9)
  3 water moccasins
  4 orc warriors
  An ice beast (D:6)
  A sky beast (D:8)
  An ogre (D:5)
  A black bear (D:6)
  2 phantoms (D:9)
  2 centaurs
  4 kobold brigands
  4 scorpions
  A necrophage (D:8)
  12 wights
  15 killer bees (D:7)
  The ghost of acebull12 the Grave Robber, a weakling DsNe (D:3)
  6 orc priests
  A gnoll bouda (D:7)
  2 hounds
  A jelly (D:5)
  5 iguanas
  6 orc wizards
  6 ogre zombies (D:9)
  5 gnolls (D:7)
  6 adders
  3 white imps
  An ufetubus (D:4)
  3 worms
  2 dart slugs
  16 orcs
  6 ball pythons
  3 endoplasms
  A giant cockroach (D:4)
  7 hobgoblins
  3 quokkas
  9 bats
  3 frilled lizards
  13 goblins
  2 goblin skeletons (D:9)
  4 goblin zombies (D:9)
  2 hobgoblin skeletons (D:9)
  2 hobgoblin zombies (D:9)
  21 kobolds
  5 orc skeletons (D:9)
  8 orc zombies (D:9)
  6 rats
220 creatures vanquished.

Vanquished Creatures (collateral kills)
  5 yaks
  A centaur (D:7)
  3 wights (D:10)
  An orc (D:8)
  A goblin zombie (D:9)
  An orc zombie (D:9)
12 creatures vanquished.

Vanquished Creatures (others)
  A yak zombie (D:9)
  4 killer bee zombies (D:7)
  6 kobold zombies
  2 gnoll zombies (D:7)
  7 orc zombies
20 creatures vanquished.

Grand Total: 252 creatures vanquished

Notes
Turn   | Place    | Note
-------+----------+-------------------------------------------
     0 | D:1      | Khashishi the Demonspawn Monk began the quest for the Orb.
     0 | D:1      | Reached XP level 1. HP: 18/18 MP: 1/1
   233 | D:1      | Gained mutation: You have a small tail. [demonic ancestry]
   233 | D:1      | Reached XP level 2. HP: 21/24 MP: 2/2
   288 | D:1      | Reached skill level 1 in Short Blades
   803 | D:2      | Found a faded altar of an unknown god.
   949 | D:2      | Gained mutation: You are partially covered in sharp spines.
                  | [demonic ancestry]
   949 | D:2      | Reached XP level 3. HP: 23/30 MP: 3/3
  1218 | D:2      | Gained mutation: You are partially covered in slimy green
                  | scales. (AC +2) [demonic ancestry]
  1218 | D:2      | Reached XP level 4. HP: 31/37 MP: 4/4
  1336 | D:3      | Found Inebus's Assorted Antiques.
  1346 | D:3      | Bought 3 scrolls labelled YVAERI OMOSEYMP for 72 gold
                  | pieces
  1346 | D:3      | Bought a scroll labelled TUYFONG DERENE for 24 gold pieces
  1505 | D:3      | Found a runed translucent door.
  1512 | D:3      | Noticed acebull12's ghost (weakling DsNe)
  1598 | D:3      | Found an ornate altar of the Wu Jian Council.
  2031 | D:3      | Killed acebull12's ghost
  2032 | D:3      | Reached skill level 1 in Armour
  2073 | D:4      | Gained mutation: A weak demonic guardian rushes to your
                  | aid. [demonic ancestry]
  2073 | D:4      | Reached XP level 5. HP: 41/43 MP: 5/5
  2116 | D:4      | Reached skill level 1 in Maces & Flails
  2144 | D:4      | Reached XP level 6. HP: 34/50 MP: 6/6
  2163 | D:4      | Reached skill level 5 in Fighting
  2641 | D:5      | Entered Level 5 of the Dungeon
  2712 | D:5      | Reached XP level 7. HP: 46/56 MP: 7/7
  2819 | D:5      | Gained mutation: Your spells are a little harder to cast,
                  | but a little more powerful. [potion of mutation]
  2819 | D:5      | Gained mutation: You have very sharp teeth. [potion of
                  | mutation]
  3461 | D:6      | Found a radiant altar of Vehumet.
  3467 | D:6      | Reached XP level 8. HP: 56/64 MP: 8/8
  3550 | D:6      | Found an iron altar of Okawaru.
  3585 | D:6      | Reached skill level 1 in Axes
  3747 | D:6      | Found a staircase to the Ecumenical Temple.
  3759 | Temple   | Entered the Ecumenical Temple
  3841 | Temple   | Became a worshipper of Yredelemnul the Dark
  3841 | Temple   | Reached * piety under Yredelemnul
  3841 | Temple   | Reached ** piety under Yredelemnul
  3871 | D:6      | Reached skill level 1 in Invocations
  3906 | D:6      | Reached skill level 5 in Armour
  4040 | D:6      | Found a bloodstained altar of Trog.
  4041 | D:6      | Found an opulent altar of Gozag.
  4225 | D:3      | Bought a translucent leather armour for 168 gold pieces
  4225 | D:3      | Identified the +1 leather armour of Decompression {Int+5}
                  | (You bought it in a shop on level 3 of the Dungeon)
  4661 | D:7      | Gained mutation: You have a tail ending in a sharp stinger.
                  | [demonic ancestry]
  4661 | D:7      | Reached XP level 9. HP: 50/71 MP: 11/11
  4811 | D:7      | Identified the +9 shortbow of Watchfulness {drain, rPois
                  | rC+}
  4889 | D:7      | Reached skill level 1 in Ranged Weapons
  5006 | D:7      | Found an ancient bone altar of Kikubaaqudgha.
  5579 | D:8      | Reached skill level 5 in Ranged Weapons
  5637 | D:8      | Found a stormy altar of Qazlal.
  6281 | D:3      | Bought a pair of glowing boots for 180 gold pieces
  6486 | D:9      | Noticed a manticore
  6528 | D:9      | Found a transporter.
  6528 | D:9      | Noticed an obsidian statue
  6529 | D:9      | Noticed a purple ugly thing
  6530 | D:9      | Found a transporter.
  6530 | D:9      | Noticed a great orb of eyes
  6530 | D:9      | Noticed a great orb of eyes
  6531 | D:9      | Noticed an eight-headed hydra
  6532 | D:9      | Noticed a cyclops
  6603 | D:9      | Gained mutation: You are mostly covered in slimy green
                  | scales. (AC +3) [demonic ancestry]
  6603 | D:9      | Reached XP level 10. HP: 68/80 MP: 13/13
  6626 | D:9      | Found a staircase to the Orcish Mines.
  6703 | D:9      | Found a hazy altar of Hepliaklqana.
  6767 | D:9      | Reached skill level 5 in Axes
  6768 | D:9      | Reached *** piety under Yredelemnul
  6772 | D:9      | Reached **** piety under Yredelemnul
  7024 | D:10     | Entered Level 10 of the Dungeon
  7149 | D:10     | Reached skill level 5 in Invocations
  7554 | D:10     | Noticed Snorg
  7562 | D:10     | HP: 1/80 [Snorg (18)]
  7562 | D:10     | Slain by Snorg

Illustrated notes

Levels and vault maps discovered:
D:1:      ncdulo_lavacross, layout_loops_ring, minmay_misc_feat_tower,
          minmay_tall_x
D:2:      layout_basic, hellmonk_ecumenical_altar_lost_god
D:3:      layout_loops_ring, pdpol_wu_jian_five_deadly_venoms, serial_shops,
          shop, ebering_ghost_reflecting_pool, minmay_goblin_outpost
D:4:      layout_rooms, hangedman_decor_diamond_cutter
D:5:      layout_loops_cross
D:6:      layout_basic, okawaru_trees_1,
          chequers_temple_overflow_statue_of_worship,
          mainiacjoe_overflow_divided_tiny, minmay_temple_entry_junction,
          minmay_misc_feat_alley, bh_walls_and_bars
D:7:      layout_basic, kiku_gazebo_pond_becter
D:8:      layout_basic, nicolae_qazlal_style_of_elements
D:9:      gammafunk_sealed_arena, layout_rooms,
          mainiacjoe_overflow_tiny_flanked, zombieorc2_lemuel
D:10:     layout_grid_maze, minivault_23, uniq_snorg, uniq_urug
Temple:   dshaligram_water_room_temple

Skill      XL: |  1  2  3  4  5  6  7  8  9 10 |
---------------+-------------------------------+-----
Short Blades   | 1 2 |  2.7
Fighting       | 4 5 6 7 |  7.8
Armour         | 1 2 3 4 5 7 |  7.6
Maces & Flails | 1 2 3 |  3.0
Axes           | 3 6 |  6.0
Invocations    | 3 4 6 |  6.1
Ranged Weapons | 6 |  6.4
Long Blades    | |  2.7
Dodging        | |  2.6
Stealth        | |  1.7

Action                   |  1- 3 |  4- 6 |  7- 9 | 10-12 || total
-------------------------+-------+-------+-------+-------++-------
Melee: Dagger            |    90 |    88 |       |       ||   178
       Falchion          |    11 |       |       |       ||    11
       Punch             |     1 |     1 |     5 |       ||     7
       Tailslap          |    10 |    14 |    30 |    21 ||    75
       Mace              |       |    42 |   132 |       ||   174
       Bite              |       |       |    22 |    12 ||    34
       Battleaxe         |       |       |    41 |    85 ||   126
 Fire: Shortbow          |       |       |    63 |    13 ||    76
Throw: Dart              |       |    13 |    12 |     3 ||    28
       Javelin           |       |       |     8 |       ||     8
Invok: Recall Undead Har |       |       |     4 |       ||     4
       Dark Bargain      |       |       |     1 |     4 ||     5
Evoke: Wand              |       |       |    13 |       ||    13
  Use: Potion            |       |     2 |     5 |       ||     7
       Scroll            |       |       |    18 |     3 ||    21
 Stab: Distracted        |       |       |     2 |     1 ||     3
Armor: Plate armour      |    40 |    93 |   184 |    80 ||   397
       Robe              |     2 |       |       |       ||     2
Dodge: Dodged            |    16 |    17 |    37 |    23 ||    93

Table legend: (Time is in decaauts)
 A = Elapsed time spent in this place.
 B = Non-inter-level travel time spent in this place.
 C = Inter-level travel time spent in this place.
 D = Time resting spent in this place.
 E = Time spent auto-exploring this place.
 F = Levels seen in this place.
 G = Mean time per level.
                   A        B        C        D        E       F      G
               +--------+--------+--------+--------+--------+-----+--------+
         Total |   7705 |   7015 |    690 |    245 |   4533 |  11 |  700.5 |
       Dungeon |   7610 |   6920 |    690 |    245 |   4473 |  10 |  761.0 |
        Temple |     94 |     94 |      0 |      0 |     60 |   1 |   94.0 |
               +--------+--------+--------+--------+--------+-----+--------+

Top non-repeatable levels by time:
     D:8: 1040 daAuts
     D:7: 973 daAuts
     D:3: 938 daAuts
     D:5: 937 daAuts
     D:1: 773 daAuts
     D:4: 667 daAuts
     D:9: 632 daAuts
     D:6: 621 daAuts
    D:10: 551 daAuts
     D:2: 476 daAuts
  Temple: 94 daAuts
